 Dungeon Crawl Stone Soup version 0.19.5 (webtiles) character file.

129428 Lizzreth the Spry (level 16, -1/150 HPs)
             Began as a Minotaur Fighter on Mar 22, 2017.
             Was the Champion of Makhleb.
             Slain by a bog body (11 damage)
             ... on level 4 of the Swamp.
             The game lasted 02:47:26 (26552 turns).

Lizzreth the Spry (Minotaur Fighter)               Turns: 26552, Time: 02:47:27

Health: -1/150     AC: 22    Str: 30    XL:     16   Next: 50%
Magic:  15/15      EV: 27    Int:  7    God:    Makhleb [******]
Gold:   1296       SH:  0    Dex: 16    Spells: 0 memorised, 15 levels left

rFire  . . .     SeeInvis .     B - +1 falchion (elec)
rCold  . . .     Gourm    +     A - +4 troll leather armour {Snorg}
rNeg   . . .     Faith    .     K - +0 shield (curse)
rPois  +         Spirit   .     (helmet restricted)
rElec  .         Reflect  .     o - +2 cloak
rCorr  .         Harm     .     d - +2 pair of gloves {Dex+3}
MR     +....     Rnd*Rage +     v - +2 pair of boots
Stlth  +.........               h - amulet of the gourmand
                                a - ring of poison resistance
                                Y - +5 ring of strength

@: confused
A: retaliatory headbutt, horns 2, molten scales 1, rugged brown scales 1,
berserk 2, clever 1, deformed body, mutation resistance 1, sense surroundings 1,
MP-powered wands
a: Minor Destruction, Lesser Servant of Makhleb, Major Destruction, Greater
Servant of Makhleb, Renounce Religion


You were on level 4 of the Swamp.
You worshipped Makhleb.
Makhleb was exalted by your worship.
You were not hungry.

You visited 5 branches of the dungeon, and saw 28 of its levels.
You also visited: Labyrinth and Ossuary.

You collected 2350 gold pieces.
You spent 1054 gold pieces at shops.

Inventory:

Hand Weapons
 e - the +7 short sword of Zecaggow {pierce, rN+ Str+4 Int-5 SInv}
   (You found it on level 2 of the Swamp)

   It inflicts extra damage upon your enemies.
   It affects your strength (+4).
   It affects your intelligence (-5).
   It protects you from negative energy.
   It lets you see invisible.
 B - a +1 falchion of electrocution (weapon)
 U - the +11 spear "Anilun" {flame, Int+4}
   (You found it on level 15 of the Dungeon)

   It has been specially enchanted to burn those struck by it, causing extra
   injury to most foes and up to half again as much damage against particularly
   susceptible opponents.
   It affects your intelligence (+4).
 W - a +2 falchion of holy wrath
Armour
 d - a +2 pair of gloves of dexterity (worn)
 o - a +2 cloak (worn)
 v - a +2 pair of boots (worn)
 A - a +4 troll leather armour (worn) {Snorg}
 K - a cursed +0 shield (worn)
Jewellery
 a - a ring of poison resistance (right hand)
 c - an uncursed ring of protection from cold {unknown}
 h - an amulet of the gourmand (around neck)
 n - an uncursed ring of flight {unknown}
 G - an uncursed ring of resist corrosion
 X - an uncursed ring of protection from fire
 Y - a +5 ring of strength (left hand)
Wands
 C - a wand of iceblast (7/15)
 E - a wand of disintegration (8/24)
 L - a wand of slowing (34/48)
 N - a wand of polymorph (13/24)
 Q - a wand of paralysis (8/24)
 T - a wand of flame (18/48)
 Z - a wand of lightning (7/15)
Scrolls
 b - 3 scrolls of blinking
 j - 3 scrolls of enchant weapon
 k - 2 scrolls of immolation
 m - 9 scrolls of teleportation
 t - 26 scrolls of identify
 w - 2 scrolls of random uselessness
 x - a scroll of fog
 y - 4 scrolls of recharging
 F - 5 scrolls of fear
 M - 2 scrolls of remove curse
 R - 5 scrolls of magic mapping
 S - a scroll of silence
Potions
 g - a potion of beneficial mutation {unknown}
 i - a potion of magic
 l - 4 potions of haste
 s - 3 potions of might
 u - 3 potions of curing
 H - 2 potions of brilliance
 I - 2 potions of flight
 J - 2 potions of invisibility
 P - 2 potions of cancellation
Miscellaneous
 V - 2 phantom mirrors
Comestibles
 f - 11 bread rations
 p - 7 meat rations
 r - 2 beef jerkies
 z - 6 slices of pizza
 D - 18 fruits
 O - 7 royal jellies


   Skills:
 - Level 14.0 Fighting
 - Level 14.1 Long Blades
 - Level 12.6 Armour
 + Level 19.1 Dodging
 - Level 16.0 Shields


You had 15 spell levels left.
You didn't know any spells.

Dungeon Overview and Level Annotations

Branches:
Dungeon (15/15)            Temple (1/1) D:5            Lair (6/6) D:9
  Swamp (4/4) Lair:2       Spider (0/4) Lair:3        Slime (0/5) Lair:5
    Orc (2/2) D:11            Elf (0/3) Orc:2        Vaults (0/5) D:13
 Depths (0/5) D:15

Altars:
Fedhas
Kikubaaqudgha
Makhleb
Nemelex Xobeh
Ru
Sif Muna
Trog
Uskayaw
Xom
Yredelemnul
The Shining One
Beogh

Shops:
D:12 *   Orc:1 (   Orc:2 *%:[!


Innate Abilities, Weirdness & Mutations

You reflexively headbutt those who attack you in melee.
You have a pair of horns on your head.
You are partially covered in molten scales. (AC +2)
You are partially covered in rugged brown scales. (AC +1, +3% HP)
You often lose your temper in combat.
Your mind is acute. (Int +2)
Armour fits poorly on your strangely shaped body.
You are somewhat resistant to further mutation.
You passively map a small area around you.
You expend magic power (3 MP) to strengthen your wands.


Message History

Tree limbs sway around you. A tree reaches out but misses you.
The spriggan druid closely misses you. You furiously retaliate!
You headbutt the spriggan druid! You block the spriggan rider's attack.
You see here an alligator corpse.
Unknown command.
It was a potion of ambrosia.
You are confused.
You feel invigorated.
You are hit by a branch!
* * * LOW HITPOINT WARNING * * *
The spriggan druid barely misses you.
The spriggan rider hits you with a spear!
* * * LOW HITPOINT WARNING * * *
You are too injured to fight recklessly!
You are too injured to fight recklessly!
You are too injured to fight recklessly!
You hit the spriggan rider.
There is a sudden explosion of sparks!
The spriggan rider is moderately wounded.
The bog body hits you!
You die...

♣..≈♣♣♣.≈≈...♣♣♣♣♣♣♣..≈≈
♣.≈≈..♣♣..≈.≈♣ ♣♣♣♣♣.≈≈≈
♣.≈≈≈.♣......♣ ♣..≈.≈≈≈≈
♣.≈≈..≈≈≈≈≈≈≈♣♣♣≈...≈≈≈≈
♣.≈≈..≈≈≈≈≈≈≈♣♣≈≈≈≈.≈...
♣♣♣....≈≈≈≈.≈.♣♣.≈≈..≈§♣
♣♣...≈≈≈≈≈..♣♣.≈≈≈.≈≈≈
♣♣≈.i≈≈..♣♣♣♣♣.≈≈≈≈≈≈
♣♣♣@≈.≈≈♣* ♣♣.≈≈...
♣.≈≈in≈..?≈♣ ♣≈≈≈.≈≈
♣.≈≈≈≈≈.♣..♣ ♣≈≈≈.≈≈
♣.§≈≈≈≈.♣♣♣♣♣♣♣♣.§♣..
♣..≈≈≈≈≈.♣ ♣≈≈≈..♣♣♣
♣≈≈≈≈≈≈i≈. ♣≈≈≈.≈♣
≈≈.≈≈≈..§≈♣ ♣.≈≈.♣♣
♣≈≈≈...i.≈♣♣ ♣♣.≈≈≈♣
♣≈≈≈§♣


You could see a spriggan rider, a spriggan druid, a bog body and 2 spriggans.

Vanquished Creatures
  Jorgrun (Swamp:2)
  The ghost of Agrougrou the Peltast, an adept FoFi of Okawaru (Swamp:4)
  Frances (D:13)
  Kirke (Swamp:1)
  A thorn hunter (Swamp:4)
  The ghost of Azzok the Eclecticist, a journeyman DEFE of Vehumet (Orc:2)
  Snorg (D:13)
  An ettin (Orc:2)
  A minotaur (Lab)
  6 hydras
  Harold (Lair:1)
  8 vault guards (D:13)
  3 ghost crabs
  3 centaur warriors
  6 death yaks (Lair:3)
  7 orc high priests (Orc:2)
  Urug (Lair:2)
  10 alligators
  A deep elf knight (Swamp:2)
  A shock serpent (shapeshifter) (D:15)
  A spriggan berserker (Swamp:2)
  A glowing orange brain (D:15)
  4 spriggan druids
  3 unseen horrors (D:15)
  4 swamp dragons
  A shambling mangrove (Swamp:2)
  An orange crystal statue (D:15)
  Pikel (D:8)
  3 hill giants
  An orc sorcerer (Orc:2)
  2 manticores
  An orc knight (D:15)
  13 ugly things
  2 cyclopes
  A black mamba (shapeshifter) (D:14)
  6 elephants
  8 black mambas
  Maurice (Orc:2)
  Psyche (D:9)
  A spiny frog (shapeshifter) (D:15)
  5 komodo dragons
  32 spiny frogs
  A centaur skeleton (D:14)
  A freezing wraith (D:14)
  5 rime drakes
  A komodo dragon (shapeshifter) (D:15)
  A yaktaur (shapeshifter) (D:15)
  4 polar bears
  A queen bee (D:8)
  11 tyrant leeches
  5 trolls
  2 two-headed ogres
  8 bog bodies
  11 hornets
  8 hippogriffs
  7 blink frogs
  35 slime creatures
  2 redbacks (Lair:3)
  3 wyverns
  2 wraiths
  44 yaks
  2 water elementals (D:11)
  2 shadows
  A vampire (D:15)
  A yak (shapeshifter) (D:15)
  7 spriggans
  Eustachio (D:4)
  A golden eye (shapeshifter) (D:15)
  5 hogs (Swamp:1)
  25 vampire mosquitoes
  A basilisk (D:15)
  A hungry ghost (D:15)
  13 swamp worms
  Edmund (D:4)
  5 wargs (Orc:2)
  2 hell hounds (D:9)
  12 water moccasins
  9 porcupines
  5 swamp drakes
  3 ice beasts
  5 sky beasts
  2 black bears
  2 necrophages
  A slave (D:8)
  2 eyes of draining
  20 orc warriors
  23 centaurs
  7 ogres
  2 phantoms
  16 wolves
  14 crocodiles
  5 big kobolds
  2 elf zombies (Ossuary)
  27 bullfrogs
  3 scorpions
  17 killer bees
  A howler monkey (D:12)
  8 wights (D:15)
  4 electric eels
  9 crimson imps
  7 centaur zombies
  A quasit (D:9)
  5 jellies
  4 bullfrog zombies
  9 hounds
  4 bullfrog skeletons
  32 orc priests
  16 orc wizards
  2 human zombies (Ossuary)
  5 iguanas
  7 worker ants
  A big kobold zombie (Ossuary)
  2 hound skeletons
  4 mummies
  2 worker ant zombies
  5 gnolls
  2 howler monkey skeletons
  6 adders
  2 shadow imps
  An ooze (D:4)
  3 adder zombies (Ossuary)
  An adder skeleton (D:4)
  2 worms (D:2)
  A dart slug (D:1)
  8 leopard geckos
  101 orcs
  3 ball pythons
  3 bats
  5 giant cockroaches
  7 goblins
  7 hobgoblins
  26 jackals
  3 quokkas
  7 frilled lizards
  A giant cockroach zombie (D:6)
  A gnoll zombie (Ossuary)
  2 goblin zombies (Ossuary)
  3 hobgoblin zombies (Ossuary)
  5 jackal zombies (Ossuary)
  25 kobolds
  4 kobold zombies (Ossuary)
  A quokka skeleton (D:6)
  4 quokka zombies (Ossuary)
  4 rats
  6 rat zombies (Ossuary)
  A briar patch (Swamp:4)
  2 plants (Lair:6)
921 creatures vanquished.

Vanquished Creatures (others)
  2 slaves (D:8)
  3 killer bees
  A leopard gecko (D:8)
  An orc (D:11)
  2 fungi
  11 plants
20 creatures vanquished.

Grand Total: 941 creatures vanquished

Notes
Turn   | Place    | Note
-------+----------+-------------------------------------------
     0 | D:1      | Lizzreth the Minotaur Fighter began the quest for the Orb.
     0 | D:1      | Reached XP level 1. HP: 19/19 MP: 0/0
    52 | D:1      | Reached XP level 2. HP: 23/26 MP: 1/1
   371 | D:1      | Reached XP level 3. HP: 27/31 MP: 2/2
   698 | D:2      | Found a basalt altar of Yredelemnul.
   703 | D:2      | Found a deep blue altar of Sif Muna.
   806 | D:2      | Reached skill level 5 in Long Blades
   807 | D:2      | Reached XP level 4. HP: 18/39 MP: 3/3
  1416 | D:3      | Found a hide-covered altar of Uskayaw.
  2551 | D:4      | Noticed Eustachio
  2562 | D:4      | Killed Eustachio
  2562 | D:4      | Reached XP level 5. HP: 18/45 MP: 4/4
  2795 | D:4      | Noticed Edmund
  2806 | D:4      | Killed Edmund
  2806 | D:4      | Reached XP level 6. HP: 38/51 MP: 5/5
  3037 | D:4      | Found an ancient bone altar of Kikubaaqudgha.
  3063 | D:4      | HP: 1/51 [ogre/giant spiked club (14)]
  3372 | D:4      | Reached XP level 7. HP: 57/57 MP: 6/6
  3529 | D:4      | Found a sacrificial altar of Ru.
  3696 | D:5      | Entered Level 5 of the Dungeon
  3986 | D:5      | Reached skill level 10 in Long Blades
  4200 | D:5      | Found a shimmering altar of Xom.
  4200 | D:5      | Found a blossoming altar of Fedhas.
  4205 | D:5      | Found a faded altar of an unknown god.
  4207 | D:5      | Found a bloodstained altar of Trog.
  4211 | D:5      | Found a sparkling altar of Nemelex Xobeh.
  4459 | D:5      | Found a staircase to the Ecumenical Temple.
  4471 | Temple   | Entered the Ecumenical Temple
  4494 | Temple   | Became a worshipper of Makhleb the Destroyer
  4996 | D:5      | Reached XP level 8. HP: 64/64 MP: 7/7
  5861 | D:7      | Reached * piety under Makhleb
  5991 | D:7      | Found a sand-covered staircase.
  6001 | Ossuary  | Entered an ossuary
  6183 | Ossuary  | Reached ** piety under Makhleb
  6200 | Ossuary  | Reached XP level 9. HP: 61/70 MP: 8/8
  6830 | D:8      | Reached skill level 5 in Fighting
  6872 | D:8      | Noticed a troll
  6875 | D:8      | Killed a troll
  6921 | D:8      | Noticed Pikel
  6946 | D:8      | Killed Pikel
  6958 | D:8      | Reached *** piety under Makhleb
  7082 | D:8      | Gained mutation: You have sharp toenails. [mutagenic meat]
  7083 | D:8      | Gained mutation: You are agile. (Dex +2) [mutagenic meat]
  7084 | D:8      | Gained mutation: You passively map a small area around you. [mutagenic meat]
  7085 | D:8      | Gained mutation: You have a pair of large horns on your head. [mutagenic meat]
  7086 | D:8      | Gained mutation: Your body sometimes deteriorates upon taking damage. [mutagenic meat]
  7332 | D:8      | Noticed a queen bee
  7342 | D:8      | Killed a queen bee
  7363 | D:8      | Reached XP level 10. HP: 74/92 MP: 9/9
  7380 | D:8      | Reached skill level 10 in Fighting
  7624 | D:9      | Found a staircase to the Lair.
  7910 | D:9      | Noticed Psyche
  7919 | D:9      | Killed Psyche
  8198 | D:9      | Got an ancient cloak
  8209 | D:9      | Identified the +0 cloak "Fymacilu" {Str+5} (You found it on level 9 of the Dungeon)
  8352 | D:9      | Gained mutation: You evolve. [mutagenic meat]
  8353 | D:9      | Gained mutation: You expend magic power (3 MP) to strengthen your wands. [mutagenic meat]
  8429 | D:10     | Entered Level 10 of the Dungeon
  8621 | D:10     | Noticed a hill giant
  8633 | D:10     | Killed a hill giant
  8633 | D:10     | Reached **** piety under Makhleb
  8943 | D:10     | Reached XP level 11. HP: 108/108 MP: 10/10
  9050 | D:10     | Gained mutation: You are occasionally teleported next to monsters. [potion of mutation]
  9050 | D:10     | Gained mutation: You are very agile. (Dex +4) [potion of mutation]
  9118 | D:11     | Reached skill level 5 in Shields
  9149 | D:11     | Noticed a white ugly thing
  9159 | D:11     | Killed a white ugly thing
  9283 | D:11     | Gained mutation: You are partially covered in molten scales. (AC +2) [evolution]
  9404 | D:11     | Reached ***** piety under Makhleb
 10452 | D:11     | Found a staircase to the Orcish Mines.
 10533 | D:11     | Reached skill level 10 in Shields
 10703 | D:12     | Gained mutation: You are partially covered in rugged brown scales. (AC +1, +3% HP) [evolution]
 10703 | D:12     | Lost mutation: You evolve. [end of evolution]
 10894 | D:12     | Found Noiluh's Assorted Antiques.
 10898 | D:12     | Bought a scroll labeled QIF CULIJOLL for 26 gold pieces
 10898 | D:12     | Bought a scroll labeled YCABIBIHOC for 26 gold pieces
 11406 | D:13     | Noticed a vault guard
 11407 | D:13     | Noticed a vault guard
 11412 | D:13     | Noticed a vault guard
 11414 | D:13     | Noticed a vault guard
 11416 | D:13     | Killed a vault guard
 11416 | D:13     | Reached XP level 12. HP: 120/120 MP: 11/11
 11427 | D:13     | Noticed a vault guard
 11432 | D:13     | Killed a vault guard
 11438 | D:13     | Killed a vault guard
 11443 | D:13     | Noticed a vault guard
 11450 | D:13     | Killed a vault guard
 11451 | D:13     | Noticed a vault guard
 11464 | D:13     | Killed a vault guard
 11470 | D:13     | Killed a vault guard
 11476 | D:13     | Killed a vault guard
 11593 | D:13     | Noticed Frances
 11594 | D:13     | Noticed a centaur warrior
 11627 | D:13     | Killed Frances
 11627 | D:13     | Reached skill level 15 in Shields
 11658 | D:13     | Noticed a vault guard
 11662 | D:13     | Killed a centaur warrior
 11671 | D:13     | Killed a vault guard
 11741 | D:13     | Noticed Snorg
 11777 | D:13     | Killed Snorg
 12108 | D:13     | Found a gate to the Vaults.
 12166 | D:13     | Reached skill level 5 in Armour
 12519 | D:14     | Reached XP level 13. HP: 127/127 MP: 12/12
 12543 | D:14     | Found a glowing golden altar of the Shining One.
 12582 | D:14     | Found a labyrinth entrance.
 12593 | Lab      | Entered a labyrinth
 12948 | Lab      | Noticed a minotaur
 12952 | Lab      | Killed a minotaur
 13332 | D:14     | Reached ****** piety under Makhleb
 14009 | D:15     | Entered Level 15 of the Dungeon
 14340 | D:15     | Reached skill level 10 in Armour
 14770 | D:15     | Got a scorched mace
 14772 | D:15     | Got a brightly glowing spear
 14790 | D:15     | Identified the +7 mace "Cojeniso" {flame, Dex+4} (You found it on level 15 of the Dungeon)
 14791 | D:15     | Identified the +11 spear "Anilun" {flame, Int+4} (You found it on level 15 of the Dungeon)
 14961 | D:15     | Gained mutation: You tend to lose your temper in combat. [mutagenic meat]
 14966 | D:15     | Gained mutation: You are mostly covered in molten scales. (AC +3) [mutagenic meat]
 14969 | D:15     | Gained mutation: Armour fits poorly on your strangely shaped body. [mutagenic meat]
 15092 | D:15     | Lost mutation: You are very agile. (Dex +4) [mutagenic meat]
 15137 | D:15     | Reached skill level 1 in Dodging
 15149 | D:15     | Reached skill level 2 in Dodging
 15158 | D:15     | Gained mutation: You often lose your temper in combat. [mutagenic meat]
 15251 | D:15     | Reached skill level 3 in Dodging
 15278 | D:15     | Found a staircase to the Depths.
 15286 | D:15     | Reached skill level 4 in Dodging
 15830 | Lair:1   | Entered Level 1 of the Lair of Beasts
 15980 | Lair:1   | Reached skill level 5 in Dodging
 16114 | Lair:1   | Noticed Harold
 16124 | Lair:1   | Killed Harold
 16126 | Lair:1   | Reached XP level 14. HP: 135/135 MP: 13/13
 16454 | Lair:2   | Reached skill level 6 in Dodging
 16516 | Lair:2   | Got a bound tin amulet
 16560 | Lair:2   | Identified the amulet "Emusm" {Harm *Drain SInv} (You found it on level 2 of the Lair of Beasts)
 16757 | Lair:2   | Found a staircase to the Swamp.
 17064 | Lair:2   | Reached skill level 7 in Dodging
 17520 | Lair:2   | Noticed Urug
 17537 | Lair:2   | Killed Urug
 17855 | Lair:2   | Lost mutation: You have a pair of large horns on your head. [potion of cure mutation]
 17855 | Lair:2   | Lost mutation: You are mostly covered in molten scales. (AC +3) [potion of cure mutation]
 17855 | Lair:2   | Lost mutation: Your body sometimes deteriorates upon taking damage. [potion of cure mutation]
 17855 | Lair:2   | Lost mutation: You are agile. (Dex +2) [potion of cure mutation]
 17855 | Lair:2   | Lost mutation: You have sharp toenails. [potion of cure mutation]
 17907 | Lair:3   | Found a hole to the Spider Nest.
 17961 | Lair:3   | Reached skill level 8 in Dodging
 18136 | Lair:3   | Reached skill level 9 in Dodging
 18234 | Lair:3   | Reached skill level 10 in Dodging
 18987 | Lair:4   | Reached skill level 11 in Dodging
 19283 | Lair:4   | Reached skill level 12 in Dodging
 19994 | Lair:5   | Found a staircase to the Slime Pits.
 20449 | Lair:6   | Entered Level 6 of the Lair of Beasts
 20478 | Lair:6   | Reached skill level 13 in Dodging
 20616 | Lair:6   | Reached XP level 15. HP: 142/142 MP: 14/14
 20801 | Lair:6   | Reached skill level 14 in Dodging
 20951 | Lair:6   | Got a heavily runed scale mail
 20958 | Lair:6   | Identified the +1 scale mail of Avarehoi {SInv} (You found it on level 6 of the Lair of Beasts)
 21753 | Orc:1    | Entered Level 1 of the Orcish Mines
 21762 | Orc:1    | Found Xidegauxa's Antique Weapon Shop.
 21961 | Orc:2    | Entered Level 2 of the Orcish Mines
 21970 | Orc:2    | Found a staircase to the Elven Halls.
 22155 | Orc:2    | Found Zeucw's Distillery.
 22155 | Orc:2    | Found Harutoci's Armour Shop.
 22287 | Orc:2    | Reached skill level 15 in Dodging
 22345 | Orc:2    | Noticed Maurice
 22348 | Orc:2    | Noticed Azzok's ghost (journeyman DEFE)
 22362 | Orc:2    | Killed Azzok's ghost
 22363 | Orc:2    | Found Zeath's Assorted Antiques.
 22369 | Orc:2    | Killed Maurice
 22433 | Orc:2    | Bought an ancient pewter ring for 150 gold pieces
 22434 | Orc:2    | Identified the cursed ring "Dizoki" {MR+ Slay-2} (You bought it in a shop on level 2 of the Orcish Mines)
 22561 | Orc:2    | Found Qacimp's Book Shoppe.
 22561 | Orc:2    | Found Fotha's Food Shop.
 22736 | Orc:2    | Found a roughly hewn altar of Beogh.
 23005 | Orc:2    | Bought a cyan potion for 27 gold pieces
 23005 | Orc:2    | Bought an encrusted chain mail for 285 gold pieces
 23005 | Orc:2    | Bought a pair of runed gloves for 315 gold pieces
 23005 | Orc:2    | Bought a scroll of enchant armour for 225 gold pieces
 23015 | Orc:2    | Identified the +4 chain mail of the Ditch-Digger {rCorr Str+3 Int+3 Dex-5} (You bought it in a shop on level 2 of the Orcish Mines)
 23643 | Swamp:1  | Entered Level 1 of the Swamp
 23940 | Swamp:1  | Reached skill level 16 in Dodging
 24150 | Swamp:1  | Noticed Kirke
 24173 | Swamp:1  | Killed Kirke
 24561 | Swamp:2  | Got an encrusted short sword
 24562 | Swamp:2  | Lost intelligence.
 24562 | Swamp:2  | Identified the +7 short sword of Zecaggow {pierce, rN+ Str+4 Int-5 SInv} (You found it on level 2 of the Swamp)
 24779 | Swamp:2  | Reached skill level 17 in Dodging
 24951 | Swamp:2  | Noticed Jorgrun
 24962 | Swamp:2  | Killed Jorgrun
 25156 | Swamp:2  | Reached XP level 16. HP: 150/150 MP: 15/15
 25518 | Swamp:3  | Reached skill level 18 in Dodging
 25839 | Swamp:3  | Gained mutation: Your mind is acute. (Int +2) [mutagenic meat]
 25840 | Swamp:3  | Lost mutation: You are occasionally teleported next to monsters. [mutagenic meat]
 25843 | Swamp:3  | Gained mutation: You are somewhat resistant to further mutation. [mutagenic meat]
 26167 | Swamp:4  | Entered Level 4 of the Swamp
 26268 | Swamp:4  | Noticed Agrougrou's ghost (adept FoFi)
 26302 | Swamp:4  | Killed Agrougrou's ghost
 26326 | Swamp:4  | Noticed a thorn hunter
 26344 | Swamp:4  | Killed a thorn hunter
 26393 | Swamp:4  | Reached skill level 19 in Dodging
 26552 | Swamp:4  | Slain by a bog body

Skill      XL: |  1  2  3  4  5  6  7  8  9 10 11 12 13 14 15 16 |
---------------+-------------------------------------------------+-----
Long Blades    | 3 4 5 7 8 9 11 13 14 | 14.1
Fighting       | 9 13 14 | 14.0
Shields        | 12 16 | 16.0
Armour         | 5 12 | 12.6
Dodging        | 5 13 17 19 | 19.1

Action                   |  1- 3 |  4- 6 |  7- 9 | 10-12 | 13-15 | 16-18 || total
-------------------------+-------+-------+-------+-------+-------+-------++-------
Melee: Long sword        |    85 |    73 |   341 |       |       |       ||   499
       Headbutt          |    19 |    12 |   121 |   217 |   540 |   134 ||  1043
       Falchion          |       |       |    92 |   683 |  1554 |   382 ||  2711
       Flail             |       |       |       |       |     7 |       ||     7
       Spear             |       |       |       |       |    18 |       ||    18
Evoke: Wand              |       |       |       |       |     1 |       ||     1
  Use: Scroll            |       |     8 |     5 |     7 |    10 |     1 ||    31
       Potion            |       |     2 |     8 |     1 |    11 |     2 ||    24
 Stab: Sleeping          |       |       |     2 |     3 |       |       ||     5
       Distracted        |       |       |       |       |     1 |       ||     1
       Confused          |       |       |       |       |       |     5 ||     5
  Eat: Chunk             |    12 |     8 |    17 |    19 |    65 |    10 ||   131
       Bread ration      |       |       |       |       |       |     1 ||     1
Armor: Scale mail        |    53 |    37 |       |    93 |   138 |       ||   321
       Leather armour    |       |     6 |   137 |    69 |       |       ||   212
       Troll leather arm |       |       |       |       |   187 |    60 ||   247
Dodge: Dodged            |    23 |    26 |   107 |   112 |   647 |   221 ||  1136
Block: Shield            |    53 |    33 |   161 |   293 |   955 |   225 ||  1720
       Rpst.: Long sword |     8 |    10 |    25 |       |       |       ||    43
       Falchion          |       |       |     7 |    20 |   120 |    51 ||   198
